 Dungeon Crawl Stone Soup version 0.31.0-9-g3a7656b989 (webtiles) character file.

Game seed: 9239968429111497391

60 RancidPinata the Sneak (level 4, -2/29 HPs)
             Began as a Gargoyle Delver on Jan 24, 2024.
             Slain by an orc wizard
             ... wielding a +0 dagger
              (4 damage)
             ... on level 6 of the Dungeon.
             The game lasted 00:03:47 (394 turns).

RancidPinata the Sneak (Gargoyle Delver)             Turns: 394, Time: 00:03:47

Health: -2/29      AC:  6    Str: 18    XL:     4   Next: 4%
Magic:  4/4        EV: 11    Int: 10    God:
Gold:   29         SH:  0    Dex: 11    Spells: 3/3 levels left

rFire   . . .        a - +0 mace
rCold   . . .        (no shield)
rNeg    + . .        b - +0 leather armour
rPois   ∞            (no helmet)
rElec   +            (no cloak)
rCorr   .            (no gloves)
SInv    .            (no boots)
Will    .....        (no amulet)
Stlth   +++          (no ring)
HPRegen 0.24/turn    (no ring)
MPRegen 0.09/turn

%: no passive effects
@: hasted, very quick
A: sickness immunity, AC +3, negative energy resistance 1, electricity
resistance, torment resistance 1, petrification resistance
a: no special abilities


You were on level 6 of the Dungeon.
You visited 1 branch of the dungeon, and saw 2 of its levels.

You collected 29 gold pieces.

Inventory:

Hand Weapons
 a - a +0 mace (weapon)
Armour
 b - a +0 leather armour (worn)
Jewellery
 i - a ring of fire
 j - an amulet of guardian spirit
Wands
 g - a wand of digging (3)
Scrolls
 c - a scroll of fog
 d - a scroll of revelation
 h - 4 scrolls of teleportation {unknown}


   Skills:
 * Level 3.9 Fighting
 + Level 2.5 Maces & Flails
 * Level 0.9 Armour
 + Level 2.1 Dodging
 + Level 5.8 Stealth


You had 3 spell levels left.
You didn't know any spells.
Your spell library was empty.

Dungeon Overview and Level Annotations

Branches:
Dungeon (6/15)
 Temple: D:4-7

Altars:

Annotations:
D:6 1 runed translucent door, turdburglar's ghost, novice MfSh


Innate Abilities, Weirdness & Mutations

You are immune to sickness and miasma.
Your stone body is resilient. (AC +3)
You are immune to poison.
You resist negative energy. (rN+)
You are resistant to electric shocks. (rElec)
You are resistant to unholy torment.
You are immune to petrification.


Message History

The orc priest is lightly wounded.
The orc wizard gestures wildly while chanting.
The orc wizard flickers and vanishes!
Deactivating autopickup; reactivate with Ctrl-A.
The orc priest completely misses you.
The orc priest hits you but does no damage.
Okay, then.
You feel yourself speed up.
The orc priest invokes the aid of Beogh against you.
Pain shoots through your body!
You barely miss the orc priest.
The orc priest is lightly wounded.
You hit the orc priest.
The orc priest is moderately wounded.
The orc priest hits you with a +0 dagger.
You hit the orc priest.
The orc priest is heavily wounded.
The orc wizard casts a spell.
The orc wizard flickers and vanishes!
The orc priest hits you with a +0 dagger.
You hit the orc priest.
The orc priest is almost dead.
The orc priest hits you but does no damage.
You completely miss the orc priest.
The orc priest is almost dead.
The orc priest invokes the aid of Beogh against you.
Beogh smites you!
Ouch! That really hurt!
* * * LOW HITPOINT WARNING * * *
You closely miss the orc priest.
The orc priest is almost dead.
The orc priest completely misses you.
You sock the orc priest!
You kill the orc priest!
You have reached level 4!
You feel stronger.
You start putting on your amulet.
You continue putting on your amulet of guardian spirit. x2
Something hits you.
You stop putting on your amulet.
You die...

#. #.## ###.#.## .....#.##
##.....#############
#.#...#...{@.......#
#.....###########.#########
##...## #.#.......# #...#
#......##.# #...#
###.##.##.# ##.## #....##.#
##.#### ####### #..####h#
####.....# #.....#
#..####.#
#....###.###.....#
#.......#


There were no monsters in sight!

Vanquished Creatures
  A hound (D:6)
  An orc priest (D:6)
2 creatures vanquished.

Notes
Turn   | Place    | Note
-------+----------+-------------------------------------------
     0 | D:5      | RancidPinata the Gargoyle Delver began the quest for the
                  | Orb.
     0 | D:5      | Reached XP level 1. HP: 14/14 MP: 1/1
     1 | D:6      | Noticed an orc priest
     1 | D:6      | Noticed an ogre
     2 | D:6      | Noticed an orc wizard
    10 | D:5      | Noticed a scorpion
    78 | D:5      | Noticed an iguana
   179 | D:5      | Noticed a scorpion
   252 | D:6      | Noticed a hound
   324 | D:6      | Killed a hound
   325 | D:6      | Reached XP level 2. HP: 20/20 MP: 2/2
   325 | D:6      | Reached XP level 3. HP: 24/24 MP: 3/3
   346 | D:6      | Found a runed translucent door.
   347 | D:6      | Noticed turdburglar's ghost (novice MfSh)
   390 | D:6      | HP: 1/24 [orc priest/divine providence (15)]
   393 | D:6      | Reached XP level 4. HP: 1/29 MP: 4/4
   394 | D:6      | Slain by an orc wizard

Illustrated notes

Levels and vault maps discovered:
D:5:      layout_basic, interstate_on_off, chequers_serial_rivers_micro_c
D:6:      minmay_diamond_boxcup, layout_loops_cross, ebering_ghost_inner_flame,
          kennysheep_generic_room_11

Skill      XL: |  1 |
---------------+----+-----
Dodging        | 2 |  2.1
Fighting       | |  3.9
Maces & Flails | |  2.5
Armour         | |  0.9
Stealth        | |  5.8

Action                     |  1- 3 |  4- 6 || total
---------------------------+-------+-------++-------
  Melee: Mace              |    22 |       ||    22
    Use: Scroll            |     1 |       ||     1
         Potion            |     1 |       ||     1
 Armour: Leather armour    |    17 |     1 ||    18
  Dodge: Dodged            |    11 |       ||    11
